 Dungeon Crawl Stone Soup version 0.31-a0-636-ge1c0e020e0 (webtiles) character file.

Game seed: 9705348557315850697

290 rvierbuc the Conjurer (level 6, -4/43 HPs)
             Began as a Demonspawn Conjurer on Aug 26, 2023.
             Slain by a steam dragon (5 damage)
             ... on level 5 of the Dungeon.
             The game lasted 00:10:32 (4367 turns).

rvierbuc the Conjurer (Demonspawn Conjurer)         Turns: 4367, Time: 00:10:32

Health: -4/43      AC:  9    Str:  7    XL:     6   Next: 9%
Magic:  5/11       EV: 12    Int: 20    God:
Gold:   249        SH:  0    Dex: 13    Spells: 9/12 levels left

rFire   . . .        u - +1 short sword (elec)
rCold   . . .        (no shield)
rNeg    . . .        a - +0 robe
rPois   .            (no helmet)
rElec   .            (no cloak)
rCorr   .            r - +0 pair of gloves
SInv    .            (no boots)
Will    .....        (no amulet)
Stlth   ++           (no ring)
HPRegen 0.27/turn    (no ring)
MPRegen 0.12/turn

%: no passive effects
@: sanguine armoured
A: hooves 1, powered by death 2, powered by pain 1, sanguine armour 1
a: no special abilities


You were on level 5 of the Dungeon.
You visited 1 branch of the dungeon, and saw 5 of its levels.

You collected 249 gold pieces.

Inventory:

Hand Weapons
 c - a +0 dagger
 u - a +1 short sword of electrocution (weapon)
Missiles
 i - a throwing net
 t - 6 atropa-tipped darts
Armour
 a - a +0 robe (worn)
 r - a +0 pair of gloves (worn)
Jewellery
 w - a ring of protection from cold
Wands
 o - a wand of polymorph (7)
Scrolls
 d - a scroll of blinking {unknown}
 e - 7 scrolls of identify {unknown}
 g - 2 scrolls of teleportation {unknown}
 h - 3 scrolls of vulnerability {unknown}
 j - 2 scrolls of amnesia {unknown}
 k - 2 scrolls of immolation {unknown}
 l - a scroll of noise {unknown}
 s - a scroll of butterflies {unknown}
 v - a scroll of revelation {unknown}
Potions
 b - a potion of magic
 f - 2 potions of brilliance {unknown}
 m - 5 potions of curing {unknown}
 n - 2 potions of heal wounds {unknown}
 p - a potion of mutation {unknown}
 q - a potion of enlightenment {unknown}


   Skills:
 + Level 1.0 Fighting
 + Level 1.2 Short Blades
 + Level 2.3 Dodging
 + Level 2.4 Stealth
 + Level 3.6 Spellcasting
 + Level 5.5 Conjurations


You had 9 spell levels left.
You knew the following spells:

 Your Spells              Type           Power      Damage    Failure   Level
a - Magic Dart            Conj           100%       1d8       1%          1
b - Searing Ray           Conj           52%        2d6       1%          2

Your spell library contained the following spells:

 Spells                   Type           Power      Damage    Failure   Level
 Kiss of Death            Conj/Necr      56%        2d9       4%          1
 Dazzling Flash           Conj/Hex       28%        N/A       13%         3
 Confusing Touch          Hex            3%         N/A       38%         3
 Gell's Gravitas          Tloc           3%         N/A       38%         3
 Teleport Other           Tloc           3%         N/A       38%         3
 Fulminant Prism          Conj/Hex       7%         3d7       38%         4
 Iskenderun's Mystic Bla  Conj/Tloc      14%        2d5       38%         4
 Dispel Undead            Necr           3%         3d7       80%         4
 Dispersal                Tloc           1%         N/A       100%        6


Dungeon Overview and Level Annotations

Branches:
Dungeon (5/15)
 Temple: D:4-7

Altars:
Ashenzari
Makhleb
Uskayaw


Innate Abilities, Weirdness & Mutations

You have large cloven feet.
You regenerate health from kills.
You sometimes gain a little power by taking damage.
When seriously injured, your blood forms armour. (AC +6)


Message History

The steam dragon hisses angrily.
Casting: Magic Dart (safe; 1% risk of failure)
Confirm with . or Enter, or press ? or * to list all spells.
Aiming: Searing Ray (safe; 1% risk of failure)
Press: ? - help, Shift-Dir - straight line, f/p - steam dragon
Aim: a steam dragon (79% to hit)
The searing ray hits the steam dragon.
The steam dragon is lightly wounded. (Press . to maintain the ray.)
The steam dragon breathes steam at you. The ball of steam hits you!
You focus on the pain.
You feel your power returning.
You are engulfed in a cloud of scalding steam.
You focus on the pain.
You feel your power returning.
Your blood congeals into armour.
You are engulfed in a cloud of scalding steam.
You finish channelling your searing ray.
You are engulfed in a cloud of scalding steam.
Casting: Searing Ray (safe; 1% risk of failure)
Confirm with . or Enter, or press ? or * to list all spells.
Aiming: Searing Ray (safe; 1% risk of failure)
Press: ? - help, Shift-Dir - straight line, f/p - steam dragon
Aim: a steam dragon (lightly wounded, catching its breath, 79% to hit)
The searing ray hits the steam dragon.
The steam dragon is moderately wounded. (Press . to maintain the ray.)
You are engulfed in a cloud of scalding steam.
* * * LOW HITPOINT WARNING * * *
The steam dragon closely misses you.
The steam dragon claws you but does no damage.
The searing ray hits the steam dragon.
The steam dragon is moderately wounded.
You are engulfed in a cloud of scalding steam.
* * * LOW HITPOINT WARNING * * *
The steam dragon bites you but does no damage.
The steam dragon barely misses you.
The searing ray hits the steam dragon!
The steam dragon is heavily wounded.
The steam dragon bites you.
You die...

##########
#........# ##
#.######.#####...##
#.##......†@......#
#.##.###.###D...>..
##........# .......
#.........# .......
#.#.....#.# ......#
#.#.#.#.#.# #......
#.#.#.#.#.# .#.###
#.#.#.#.#.# .###
#.#.#.#.#.#


You could see a steam dragon.

Vanquished Creatures
  A scorpion (D:4)
  A jelly (D:3)
  A sleepcap (D:5)
  Terence (D:1)
  An iguana (D:5)
  4 adders
  A worm (D:3)
  10 orcs
  9 ball pythons
  2 endoplasms
  3 giant cockroaches
  3 goblins
  8 hobgoblins
  8 jackals
  4 quokkas
  3 bats
  8 kobolds
  7 rats
75 creatures vanquished.

Notes
Turn   | Place    | Note
-------+----------+-------------------------------------------
     0 | D:1      | rvierbuc the Demonspawn Conjurer began the quest for the
                  | Orb.
     0 | D:1      | Reached XP level 1. HP: 13/13 MP: 3/3
   350 | D:1      | Gained mutation: You sometimes gain a little power by
                  | taking damage. [demonic ancestry]
   350 | D:1      | Reached XP level 2. HP: 17/19 MP: 0/5
   455 | D:1      | Found a faded altar of an unknown god.
  1173 | D:2      | Noticed Terence
  1468 | D:1      | Learned a level 2 spell: Searing Ray
  1758 | D:1      | Killed Terence
  1759 | D:1      | Gained mutation: When seriously injured, your blood forms
                  | armour. (AC +6) [demonic ancestry]
  1759 | D:1      | Reached XP level 3. HP: 6/24 MP: 2/6
  2261 | D:3      | Reached skill level 5 in Conjurations
  2261 | D:3      | Gained mutation: You have large cloven feet. [demonic
                  | ancestry]
  2261 | D:3      | Reached XP level 4. HP: 30/30 MP: 2/7
  2467 | D:3      | Found a hide-covered altar of Uskayaw.
  3340 | D:4      | HP: 1/31 [orc/+0 spear (3)]
  3343 | D:4      | Gained mutation: You regenerate a little health from kills.
                  | [demonic ancestry]
  3343 | D:4      | Reached XP level 5. HP: 1/36 MP: 1/9
  3538 | D:4      | Reached skill level 1 in Short Blades
  4056 | D:5      | Entered Level 5 of the Dungeon
  4077 | D:5      | Found a burning altar of Makhleb.
  4126 | D:5      | Found a broken altar of Ashenzari.
  4230 | D:5      | Gained mutation: You regenerate health from kills. [demonic
                  | ancestry]
  4230 | D:5      | Reached XP level 6. HP: 18/42 MP: 2/11
  4342 | D:5      | Reached skill level 1 in Fighting
  4359 | D:5      | Noticed a steam dragon
  4366 | D:5      | HP: 1/43 [steam dragon] (8)]
  4367 | D:5      | Slain by a steam dragon

Illustrated notes

Levels and vault maps discovered:
D:1:      saegor_arrival_under_anarchy, layout_rooms,
          hellmonk_ecumenical_altar_pennies_from_heaven
D:2:      layout_rooms, uniq_terence
D:3:      layout_basic, amcnicky_altar_gilded, mainiacjoe_overflow_alcove_1
D:4:      layout_gridville
D:5:      layout_loops_corners, jmf_multi_god_temple, serial_shops,
          nicolae_shop_crystal, nicolae_the_louvre

Skill      XL: |  1  2  3  4  5  6 |
---------------+-------------------+-----
Stealth        | 2 |  2.4
Conjurations   | 5 |  5.5
Spellcasting   | 3 |  3.6
Dodging        | 2 |  2.3
Short Blades   | 1 |  1.2
Fighting       | 1 |  1.0

Action                     |  1- 3 |  4- 6 || total
---------------------------+-------+-------++-------
  Melee: Dagger            |    61 |    42 ||   103
         Kick              |       |    11 ||    11
         Short sword       |       |     9 ||     9
   Cast: Magic Dart        |    65 |    61 ||   126
         Searing Ray       |     3 |    10 ||    13
 Armour: Robe              |     1 |    24 ||    25
         Skin              |    34 |       ||    34
  Dodge: Dodged            |    19 |    52 ||    71

Table legend: (Time is in decaauts)
 A = Elapsed time spent in this place.
 B = Non-inter-level travel time spent in this place.
 C = Inter-level travel time spent in this place.
 D = Time resting spent in this place.
 E = Time spent auto-exploring this place.
 F = Levels seen in this place.
 G = Mean time per level.
                   A        B        C        D        E       F      G
               +--------+--------+--------+--------+--------+-----+--------+
         Total |   4366 |   4271 |     95 |    699 |   2981 |   5 |  873.2 |
       Dungeon |   4366 |   4271 |     95 |    699 |   2981 |   5 |  873.2 |
               +--------+--------+--------+--------+--------+-----+--------+

Top non-repeatable levels by time:
     D:1: 1537 daAuts
     D:3: 1175 daAuts
     D:4: 747 daAuts
     D:2: 595 daAuts
     D:5: 310 daAuts
